 Dungeon Crawl Stone Soup version 0.27-a0-684-g359e429f13 (webtiles) character file.

Game seed: 9434268583085612677

11270 Aapotti the Tainter (level 11, -7/88 HPs)
             Began as a Demigod Venom Mage on Mar 20, 2021.
             Mangled by a vampire mosquito (8 damage)
             ... on level 14 of the Dungeon.
             The game lasted 01:13:35 (16072 turns).

Aapotti the Tainter (Demigod Venom Mage)           Turns: 16072, Time: 01:13:36

Health: -7/88      AC:  7    Str: 13    XL:     11   Next: 23%
Magic:  4/26       EV: 12    Int: 31    God:
Gold:   510        SH:  5    Dex: 14    Spells: 4/24 levels left

rFire    + . .     SeeInvis .   u - +2 dagger (drain)
rCold    + . .     Faith    .   B - +0 buckler
rNeg     . . .     Spirit   .   n - +0 ring mail
rPois    .         Reflect  .   (no helmet)
rElec    .         Harm     .   i - scarf {rC+ rF+}
rCorr    .         Rampage  .   (no gloves)
Will     +....                  E - +1 pair of boots
Stlth    +.........             (no amulet)
HPRegen  0.24/turn              C - +6 ring of intelligence
MPRegen  0.20/turn              (no ring)

@: no status effects
A: high mp 1, forlorn
a: no special abilities


You were on level 14 of the Dungeon.
You visited 1 branch of the dungeon, and saw 12 of its levels.
You also visited: Sewer and Bailey.

You collected 510 gold pieces.

Inventory:

Hand Weapons
 t - a +0 falchion of holy wrath
 u - a +2 dagger of draining (weapon)
 v - a +5 spear
 y - a +3 vorpal trident
Missiles
 g - 3 throwing nets
 w - 8 javelins
Armour
 i - a scarf of resistance (worn)
 n - a +0 ring mail (worn)
 B - a +0 buckler (worn)
 E - a +1 pair of boots (worn)
Jewellery
 a - a ring of wizardry
 C - a +6 ring of intelligence (right hand)
Wands
 f - a wand of flame (8)
 o - a wand of mindburst (11)
 p - a wand of random effects (17)
 J - a wand of acid (11)
Scrolls
 b - a scroll of fear
 c - a scroll of magic mapping
 d - 6 scrolls of amnesia
 q - 2 scrolls of vulnerability {unknown}
 r - 2 scrolls of fog {unknown}
 x - a scroll of immolation {unknown}
 z - a scroll of brand weapon {unknown}
 D - a scroll of noise {unknown}
 G - a scroll of enchant armour
 H - a scroll of identify
 I - 2 scrolls of holy word {unknown}
Potions
 e - 3 potions of curing
 h - 3 potions of flight
 j - 3 potions of might
 k - a potion of brilliance
 m - a potion of attraction {unknown}
 s - a potion of berserk rage
 A - a potion of haste {unknown}
 F - 2 potions of magic


   Skills:
 + Level 5.6 Fighting
 - Level 2.2(3.5) Short Blades
 - Level 4.2(4.5) Long Blades
 + Level 1.5 Armour
 + Level 4.3 Dodging
 - Level 2.0 Stealth
 - Level 4.0 Shields
 + Level 7.3 Spellcasting
 + Level 4.4 Conjurations
 + Level 1.4 Hexes
 - Level 2.0 Translocations
 - Level 2.0 Transmutations
 - Level 2.0 Fire Magic
 - Level 2.0 Air Magic
 + Level 9.5 Poison Magic


You had 4 spell levels left.
You knew the following spells:

 Your Spells              Type           Power      Damage    Failure   Level
a - Sting                 Tmut/Pois      100%       1d8       1%          1
b - Poisonous Vapours     Pois/Air       92%        N/A       1%          2
c - Mephitic Cloud        Conj/Pois/Air  44%        N/A       3%          3
d - Ignite Poison         Fire/Tmut/Pois 39%        N/A       4%          3
e - Gell's Gravitas       Tloc           11%        N/A       12%         3
f - Olgreb's Toxic Radia  Pois           63%        N/A       1%          4
g - Fulminant Prism       Conj/Hex       14%        3d9       26%         4

Your spell library contained the following spells:

 Spells                   Type           Power      Damage    Failure   Level
 Magic Dart               Conj           100%       1d8       1%          1
 Searing Ray              Conj           76%        3d6       2%          2
 Corona                   Hex            22%        N/A       4%          1
 Conjure Flame            Conj/Fire      31%        6-21      8%          3
 Dazzling Flash           Conj/Hex       58%        N/A       9%          3
 Ensorcelled Hibernation  Hex/Ice        30%        N/A       11%         2
 Confusing Touch          Hex            20%        N/A       16%         3
 Tukima's Dance           Hex            20%        N/A       16%         3
 Iskenderun's Mystic Bla  Conj/Tloc      31%        2d8       24%         4
 Petrify                  Tmut/Erth      17%        N/A       52%         4
 Yara's Violent Unravell  Hex/Tmut       10%        3d6       77%         5
 Metabolic Englaciation   Hex/Ice        7%         N/A       88%         5


Dungeon Overview and Level Annotations

Branches:
Dungeon (11/15)            Temple (0/1) D:5             Orc (0/2) D:11
  Sewer (visited)          Bailey (visited)
   Lair: D:8-11


Innate Abilities, Weirdness & Mutations

Your attributes grow dramatically as you level up.
You have an increased reservoir of magic. (+10% MP)
You shall have no god before yourself.


Message History

You block the bullfrog's attack.
Your ring mail prevents you from hitting the bullfrog.
The bullfrog is heavily wounded.
The bullfrog misses you.
You miss the bullfrog.
The bullfrog is severely wounded.
The bullfrog hits you.
* * * LOW HITPOINT WARNING * * *
The bullfrog hits you but does no damage.
You hit the bullfrog but do no damage.
The bullfrog is severely wounded.
The bullfrog hits you.
* * * LOW HITPOINT WARNING * * *
You hit the bullfrog.
The bullfrog is almost dead.
The bullfrog barely misses you.
You miss the bullfrog.
The bullfrog is almost dead.
You kill the bullfrog!
As you read the scroll of teleportation, it crumbles to dust.
You feel strangely unstable. The vampire hits you!
* * * LOW HITPOINT WARNING * * *
The vampire closely misses you. The vampire hits you.
* * * LOW HITPOINT WARNING * * *
You block the vampire's attack.
Your surroundings suddenly seem different.
A vampire mosquito comes into view.
The vampire mosquito buzzes angrily.
A vampire mosquito comes into view.
The vampire mosquito buzzes angrily.
A vampire mosquito comes into view.
The vampire mosquito buzzes angrily.
The vampire mosquito closely misses you.
The vampire mosquito misses you. The vampire mosquito bites you!
* * * LOW HITPOINT WARNING * * *
The vampire mosquito draws strength from your injuries!
The vampire mosquito bites you but does no damage.
The vampire mosquito bites you!
You die...

#. ...! ##
#. .... #.#
##.. .....
#.)
...#####...
#.#
.........
#)$
##.....#
#..
#..yyy##
### #..@..#
###y.##
####


You could see 4 vampire mosquitoes.

Vanquished Creatures
  Snorg (D:11)
  Harold (D:7)
  A boulder beetle (D:11)
  2 centaur warriors (D:14)
  An orc high priest (Bailey)
  An orc knight (Bailey)
  A deep elf pyromancer (D:14)
  A kobold demonologist (Bailey)
  Sigmund (D:6)
  4 yaks (D:11)
  15 orc warriors
  5 ice beasts
  A black bear (D:6)
  4 ogres
  6 centaurs
  A phantom (D:11)
  A kobold brigand (D:8)
  4 bullfrogs
  A water moccasin skeleton (D:7)
  7 scorpions
  4 killer bees (D:7)
  8 wights
  5 electric eels (Bailey)
  A howler monkey (D:4)
  A centaur zombie (D:8)
  3 jellies
  An orc priest (D:14)
  2 hounds
  A bullfrog skeleton (D:4)
  3 iguanas
  2 orc wizards
  9 worker ants
  A hound skeleton (D:4)
  A hound zombie (D:5)
  A worker ant zombie (D:6)
  3 gnolls (Bailey)
  15 adders
  2 shadow imps
  2 white imps
  3 ufetubi
  An ooze (D:5)
  An adder zombie (D:6)
  2 adder skeletons (D:5)
  3 worms
  3 dart slugs
  5 leopard geckos
  25 orcs
  4 ball pythons (Sewer)
  7 bats
  7 giant cockroaches
  17 goblins
  10 hobgoblins
  15 jackals
  23 kobolds
  6 quokkas
  8 frilled lizards
  2 leopard gecko skeletons
  A quokka skeleton (D:7)
  11 rats
278 creatures vanquished.

Vanquished Creatures (others)
  13 plants (Sewer)
13 creatures vanquished.

Grand Total: 291 creatures vanquished

Notes
Turn   | Place    | Note
-------+----------+-------------------------------------------
     0 | D:1      | Aapotti the Demigod Venom Mage began the quest for the Orb.
     0 | D:1      | Reached XP level 1. HP: 14/14 MP: 5/5
    12 | D:1      | Reached skill level 1 in Transmutations
   164 | D:1      | You fall into a shaft and drop 1 floor!
   324 | D:2      | Reached XP level 2. HP: 5/20 MP: 0/7
   567 | D:2      | Learned a level 2 spell: Poisonous Vapours
   574 | D:2      | Reached skill level 3 in Poison Magic
  1184 | D:1      | Reached XP level 3. HP: 26/26 MP: 4/8
  1512 | D:1      | Learned a level 3 spell: Mephitic Cloud
  2128 | D:3      | Found a glowing drain.
  2205 | Sewer    | Entered a sewer
  2367 | Sewer    | Reached XP level 4. HP: 23/33 MP: 5/10
  2695 | Sewer    | Reached skill level 1 in Air Magic
  3834 | D:3      | Reached XP level 5. HP: 38/38 MP: 6/11
  3842 | D:3      | Reached skill level 4 in Poison Magic
  3940 | D:3      | Learned a level 3 spell: Ignite Poison
  4230 | D:4      | Noticed an ogre
  4243 | D:4      | Killed an ogre
  4244 | D:4      | Reached skill level 1 in Conjurations
  4349 | D:4      | Noticed an ogre
  4362 | D:4      | Killed an ogre
  4363 | D:4      | Reached XP level 6. HP: 45/45 MP: 0/13
  5230 | D:4      | Reached skill level 5 in Poison Magic
  6423 | D:5      | Entered Level 5 of the Dungeon
  6473 | D:5      | Reached XP level 7. HP: 50/50 MP: 6/15
  6680 | D:5      | Reached skill level 6 in Poison Magic
  7119 | D:5      | Found a staircase to the Ecumenical Temple.
  7575 | D:6      | Reached skill level 1 in Fighting
  7575 | D:6      | Reached skill level 1 in Short Blades
  7881 | D:6      | Reached XP level 8. HP: 44/59 MP: 5/17
  8782 | D:6      | Noticed Sigmund
  8789 | D:6      | Killed Sigmund
  8790 | D:6      | Reached skill level 7 in Poison Magic
  9435 | D:7      | Noticed Harold
  9619 | D:6      | Reached skill level 1 in Long Blades
 10093 | D:7      | Killed Harold
 10094 | D:7      | Reached skill level 5 in Spellcasting
 10094 | D:7      | Reached skill level 8 in Poison Magic
 10094 | D:7      | Reached XP level 9. HP: 69/70 MP: 7/20
 10187 | D:7      | Learned a level 3 spell: Gell's Gravitas
 10749 | D:8      | Reached skill level 1 in Translocations
 10829 | D:8      | Found a flagged portal.
 10986 | Bailey   | Entered a bailey
 11000 | Bailey   | Noticed an orc knight
 11049 | Bailey   | Killed an orc knight
 11050 | Bailey   | Reached skill level 1 in Shields
 11050 | Bailey   | Reached skill level 1 in Fire Magic
 11427 | Bailey   | Noticed an orc high priest
 11434 | Bailey   | Noticed a kobold demonologist
 12053 | Bailey   | Learned a level 4 spell: Olgreb's Toxic Radiance
 12573 | Bailey   | Noticed a soul eater
 12575 | Bailey   | Killed a kobold demonologist
 12576 | Bailey   | Reached XP level 10. HP: 78/78 MP: 8/22
 13102 | Bailey   | Acquired a scarf of resistance
 13173 | Bailey   | Killed an orc high priest
 13238 | Bailey   | Identified the Reference Book on Blistering Conjuration
 14757 | D:9      | You fall into a shaft and drop 2 floors!
 14758 | D:11     | Noticed a boulder beetle
 14773 | D:11     | Killed a boulder beetle
 14974 | D:11     | Noticed Snorg
 14983 | D:11     | Killed Snorg
 14984 | D:11     | Reached skill level 9 in Poison Magic
 15082 | D:10     | Entered Level 10 of the Dungeon
 15082 | D:10     | Noticed a cyclops
 15304 | D:11     | Found a staircase to the Orcish Mines.
 15316 | D:11     | Reached skill level 5 in Fighting
 15721 | D:11     | Reached XP level 11. HP: 88/88 MP: 16/25
 15814 | D:11     | Learned a level 4 spell: Fulminant Prism
 15861 | D:11     | You fall into a shaft and drop 3 floors!
 15862 | D:14     | Noticed a centaur warrior
 15869 | D:14     | Killed a centaur warrior
 16020 | D:14     | Noticed a deep elf pyromancer
 16024 | D:14     | Killed a deep elf pyromancer
 16025 | D:14     | Reached skill level 1 in Armour
 16025 | D:14     | Reached skill level 1 in Hexes
 16031 | D:14     | Noticed a centaur warrior
 16060 | D:14     | Killed a centaur warrior
 16072 | D:14     | HP: 1/88 [vampire mosquito (10)]
 16072 | D:14     | Mangled by a vampire mosquito

Illustrated notes

Levels and vault maps discovered:
D:1:      erik_arrival_blinker_ship, layout_basic, nemelex_diamond_rough_becter
D:2:      layout_rooms
D:3:      layout_loops_cross, marbit_many_paths, gup_sewer_entry_bubbles
D:4:      layout_gridville
D:5:      layout_rooms, minmay_temple_entry_enclosed_plants,
          nemelex_spade_bored_becter
D:6:      layout_basic, uniq_sigmund
D:7:      layout_rooms, lemuel_coloured_pillars_altar, lemuel_doored_altar,
          kennysheep_mini_moat, kennysheep_generic_room_2, uniq_harold
D:8:      layout_cave_pods, enter_bailey_3, basic_altar
D:9:      layout_layer_cave
D:10:     kennysheep_spiral_hall, layout_basic, dpeg_lair_monsters, special_room
          [special_room_orc], onia_ninara_dug_in_and_dangerous
D:11:     layout_small_grid, david_orc_2, uniq_snorg
D:14:     layout_cave_pools, hangedman_vaults_entry_quadrant_bands,
          serial_shops, kennysheep_little_box, kennysheep_cross_room,
          sword_in_stone

Skill      XL: |  1  2  3  4  5  6  7  8  9 10 11 |
---------------+----------------------------------+-----
Transmutations | 1 2 |  2.0
Stealth        | 2 |  2.0
Dodging        | 2 4 |  4.3
Poison Magic   | 3 4 5 6 8 9 |  9.5
Spellcasting   | 2 3 4 5 6 7 |  7.3
Air Magic      | 1 2 |  2.0
Conjurations   | 1 2 3 4 |  4.4
Fighting       | 1 3 4 5 |  5.6
Short Blades   | 1 2 |  2.2
Long Blades    | 2 3 4 |  4.2
Translocations | 2 |  2.0
Shields        | 2 4 |  4.0
Fire Magic     | 2 |  2.0
Armour         | 1 |  1.5
Hexes          | 1 |  1.4

Action                   |  1- 3 |  4- 6 |  7- 9 | 10-12 || total
-------------------------+-------+-------+-------+-------++-------
Melee: Short sword       |    24 |       |       |       ||    24
       Dagger            |       |    56 |    69 |    52 ||   177
       Falchion          |       |       |    15 |    46 ||    61
       Spear             |       |       |       |     2 ||     2
Throw: Throwing net      |       |       |     1 |       ||     1
 Cast: Sting             |    46 |    17 |    71 |    41 ||   175
       Poisonous Vapours |    38 |    89 |   126 |    88 ||   341
       Mephitic Cloud    |       |     3 |    25 |    18 ||    46
       Ignite Poison     |       |       |    18 |    13 ||    31
       Gell's Gravitas   |       |       |       |     4 ||     4
Evoke: Wand              |       |       |    16 |       ||    16
  Use: Scroll            |     5 |       |     8 |     4 ||    17
       Potion            |     1 |       |     4 |       ||     5
Armor: Robe              |     9 |     7 |    16 |     1 ||    33
       Ring mail         |       |     4 |       |    35 ||    39
Dodge: Dodged            |    32 |    37 |    70 |    59 ||   198
Block: Buckler           |       |       |     1 |    32 ||    33
       Rpst.: Falchion   |       |       |     5 |    10 ||    15

Table legend: (Time is in decaauts)
 A = Elapsed time spent in this place.
 B = Non-inter-level travel time spent in this place.
 C = Inter-level travel time spent in this place.
 D = Time resting spent in this place.
 E = Time spent auto-exploring this place.
 F = Levels seen in this place.
 G = Mean time per level.
                   A        B        C        D        E       F      G
               +--------+--------+--------+--------+--------+-----+--------+
         Total |  16246 |  15911 |    335 |   7195 |   5370 |  14 | 1160.4 |
       Dungeon |  12742 |  12407 |    335 |   5008 |   4722 |  12 | 1061.8 |
         Sewer |   1204 |   1204 |      0 |    465 |    645 |   1 | 1204.0 |
        Bailey |   2300 |   2300 |      0 |   1722 |      2 |   1 | 2300.0 |
               +--------+--------+--------+--------+--------+-----+--------+

Top non-repeatable levels by time:
  Bailey: 2300 daAuts
     D:6: 2021 daAuts
     D:4: 1811 daAuts
     D:3: 1622 daAuts
     D:8: 1341 daAuts
     D:5: 1233 daAuts
   Sewer: 1204 daAuts
    D:11: 1102 daAuts
     D:7: 1043 daAuts
     D:2: 1005 daAuts
     D:1: 958 daAuts
     D:9: 393 daAuts
    D:14: 206 daAuts
    D:10: 1 daAuts
